 Dungeon Crawl Stone Soup version 0.21-a0-529-g8c7b3f5 (webtiles) character file.

49 slep the Chopper (level 3, 0/19 HPs)
             Began as a Vine Stalker Gladiator on Dec 10, 2017.
             Slain by an adder (2 damage)
             ... on level 2 of the Dungeon.
             The game lasted 00:03:43 (1316 turns).

slep the Chopper (Vine Stalker Gladiator)           Turns: 1316, Time: 00:03:44

Health: 0/19       AC:  6    Str: 16 (17) XL:     3   Next: 77%
Magic:  0/4        EV:  9    Int:  6 (8)  God:
Gold:   32         SH:  7    Dex: 12 (15) Spells: 2/2 levels left

rFire    . . .     SeeInvis +   a - +0 war axe
rCold    . . .     Gourm    .   i - +0 shield
rNeg     . . .     Faith    .   b - +0 leather armour
rPois    .         Spirit   +   k - +2 helmet {SInv}
rElec    .         Reflect  .   (no cloak)
rCorr    .         Harm     .   (no gloves)
MR       +....                  (no boots)
Stlth    +.........             (no amulet)
HPRegen  0.06/turn              (no ring)
MPRegen  0.09/turn              (no ring)

@: lethally poisoned (0 -> -4)
A: fangs 2, magic resistance 1, robust 1, wild magic 1, magic shield, antimagic
bite, no potion heal 3, rot immunity
a: no special abilities


You were on level 2 of the Dungeon.
You were hungry.

You visited 1 branch of the dungeon, and saw 2 of its levels.

You collected 32 gold pieces.

Inventory:

Hand Weapons
 a - a +0 war axe (weapon)
Missiles
 d - 3 throwing nets (quivered)
Armour
 b - a +0 leather armour (worn)
 c - a +0 helmet
 i - a +0 shield (worn)
 k - a +2 helmet of see invisible (worn)
Scrolls
 g - 2 scrolls of remove curse {unknown}
 l - a scroll of identify {unknown}
 p - a scroll of fog {unknown}
 q - a scroll of blinking {unknown}
 s - a scroll of fear {unknown}
Comestibles
 f - a bread ration
 h - a fruit
 m - a meat ration


   Skills:
 + Level 1.9 Fighting
 + Level 3.4 Axes
 + Level 2.0 Throwing
 + Level 0.3 Armour
 + Level 2.8 Dodging
 + Level 0.6 Shields


You had 2 spell levels left.
You didn't know any spells.

Dungeon Overview and Level Annotations

Branches:
Dungeon (2/15)

Altars:


Innate Abilities, Weirdness & Mutations

You have extremely sharp teeth.
When hurt, damage is shared between your health and your magic reserves.
Your bite disrupts and absorbs the magic of your enemies.
Potions cannot restore your health.
You are immune to rotting.
You are resistant to hostile enchantments. (MR+)
You are robust. (+10% HP)
Your spells are a little harder to cast, but a little more powerful.


Message History

The adder bites you.
You are poisoned.
The adder poisons you! The adder barely misses you.
You miss the adder. Your bite misses the adder.
The adder is lightly wounded.
You feel sick. The adder bites you. The adder bites you but does no damage.
You miss the adder.
The adder is lightly wounded.
You are feeling hungry.
You feel sick. The adder barely misses you. The adder bites you.
* * * LOW HITPOINT WARNING * * *
You completely miss the adder.
The adder is lightly wounded.
The adder barely misses you. You block the adder's attack.
You closely miss the adder. You bite the adder. You drain its power.
You feel invigorated.
The adder is lightly wounded.
* * * LOW HITPOINT WARNING * * *
You feel sick. You block the adder's attack. The adder bites you.
You die...

###≈≈≈≈≈♣≈≈≈≈≈.≈#
....≈≈≈._.≈≈≈.≈#
#.≈.≈≈≈≈♣≈≈≈≈..#
#...≈≈≈≈≈≈≈≈≈≈.#
#..≈≈≈≈≈≈≈≈≈≈..#
#..≈≈≈≈≈≈≈≈≈≈..###
#....≈.≈≈...≈≈≈..#
#..≈..≈S.....≈.#.#
#####......@.......#.#######
#.......#######...##.......#
#.#####.# ##.#########.# #
#.# #.# #... #.# #.# #...
#.# ##'## #... ## #.#####.#
##...## #### .# #.......#
##.....## ### .# ####.#.##
##...†...## ##.#


You could see an adder.

Vanquished Creatures
  An adder (D:2)
  A dart slug (D:1)
  A giant cockroach (D:1)
  4 goblins (D:1)
  3 hobgoblins (D:1)
  12 jackals (D:2)
  A quokka (D:2)
  A ball python (D:1)
  A bat (D:1)
  4 frilled lizards (D:1)
  A kobold (D:1)
  5 rats
35 creatures vanquished.

Notes
Turn   | Place    | Note
-------+----------+-------------------------------------------
     0 | D:1      | slep the Vine Stalker Gladiator began the quest for the Orb.
     0 | D:1      | Reached XP level 1. HP: 11/11 MP: 2/2
   144 | D:1      | Reached XP level 2. HP: 13/15 MP: 3/3
   146 | D:1      | Reached skill level 3 in Axes
   793 | D:2      | Reached XP level 3. HP: 14/18 MP: 4/4
   940 | D:2      | Found a faded altar of an unknown god.
   992 | D:2      | Gained mutation: You are resistant to hostile enchantments. (MR+) [potion of mutation]
   992 | D:2      | Gained mutation: You are robust. (+10% HP) [potion of mutation]
   992 | D:2      | Gained mutation: Your spells are a little harder to cast, but a little more powerful. [potion of mutation]
  1316 | D:2      | Slain by an adder

Vault maps used:
D:1:      minmay_arrival_solitary_statue, serial_forest,
          infiniplex_forest_lined_2, infiniplex_forest_lined_2,
          infiniplex_forest_diagonal, infiniplex_forest_side_room,
          infiniplex_forest_pool, infiniplex_forest_clump_curved,
          infiniplex_forest_end_2, infiniplex_forest_diagonal
D:2:      chequers_ecumenical_altar_island, grunt_decor_arrowhead

Skill      XL: |  1  2 |
---------------+-------+-----
Axes           | 3 |  3.4
Throwing       | 2 |  2.0
Fighting       | |  1.9
Armour         | |  0.3
Dodging        | |  2.8
Shields        | |  0.6

Action                   || total
-------------------------++-------
Melee: War axe           ||   108
       Bite              ||    20
  Use: Potion            ||     5
  Eat: Chunk             ||     1
Armor: Leather armour    ||    47
Dodge: Dodged            ||    82
Block: Shield            ||    47

Table legend:
 A = Spawn XP
 B = Non-spawn XP
 C = Spawn XP percentage of total XP
 D = Spawn monster count
 E = Non-spawn monster count
 F = Spawn count percentage of total count
 G = Total turns spent on level
                    A         B        C        D         E        F      G
               +---------+---------+-------+---------+---------+-------+---------
         Total |       0 |      71 |   0.0 |       0 |      35 |   0.0 |  1316
               +---------+---------+-------+---------+---------+-------+---------
           D:1 |       0 |      31 |   0.0 |       0 |      20 |   0.0 |   780
           D:2 |       0 |      40 |   0.0 |       0 |      15 |   0.0 |   536
               +---------+---------+-------+---------+---------+-------+---------
